 Dungeon Crawl Stone Soup version 0.27-a0-808-g60bc5d92e6 (webtiles) character file.

Game seed: 13967869867543604490

51 harryhousin the Quickloader (level 3, -8/28 HPs)
             Began as a Gnoll Wanderer on Mar 28, 2021.
             Killed from afar by Crazy Yiuf (9 damage)
             ... with a puff of flame
             ... on level 2 of the Dungeon.
             The game lasted 00:14:21 (1607 turns).

harryhousin the Quickloader (Gnoll Wanderer)        Turns: 1607, Time: 00:14:25

Health: -8/28      AC:  6    Str: 13    XL:     3   Next: 83%
Magic:  10/11      EV:  9    Int: 14    God:
Gold:   57         SH:  7    Dex:  7    Spells: 15/16 levels left

rFire    . . .     SeeInvis .   a - +0 hand crossbow
rCold    . . .     Faith    .   c - +0 kite shield
rNeg     . . .     Spirit   .   e - +0 robe
rPois    .         Reflect  .   (no helmet)
rElec    .         Harm     .   (no cloak)
rCorr    .         Rampage  .   (no gloves)
Will     .....                  (no boots)
Stlth    ++........             (no amulet)
HPRegen  0.09/turn              b - +4 ring of protection
MPRegen  0.12/turn              (no ring)

@: mighty, very slightly contaminated
A: fangs 1, strong nose, distributed training
a: no special abilities


You were on level 2 of the Dungeon.
You visited 1 branch of the dungeon, and saw 2 of its levels.

You collected 57 gold pieces.

Inventory:

Hand Weapons
 a - a +0 hand crossbow (weapon)
 i - a +0 whip
Missiles
 d - 32 bolts (quivered ammo)
Armour
 c - a +0 kite shield (worn)
 e - a +0 robe (worn)
Jewellery
 b - a +4 ring of protection (left hand)
Wands
 o - a wand of flame (21)
Scrolls
 f - 2 scrolls of teleportation {unknown}
 g - a scroll of identify {unknown}
 j - a scroll of holy word {unknown}
 k - a scroll of enchant weapon {unknown}
 n - a scroll of immolation {unknown}
Potions
 h - a potion of resistance {unknown}
 l - a potion of flight {unknown}
 m - a potion of attraction {unknown}


   Skills:
 + Level 2.6 Fighting
 + Level 1.0 Short Blades
 + Level 1.0 Long Blades
 + Level 1.0 Axes
 + Level 1.0 Maces & Flails
 + Level 1.0 Polearms
 + Level 1.0 Staves
 + Level 1.0 Slings
 + Level 1.0 Bows
 + Level 8.5 Crossbows
 + Level 1.0 Throwing
 + Level 1.0 Armour
 + Level 1.0 Dodging
 + Level 2.4 Stealth
 + Level 2.6 Shields
 + Level 1.0 Unarmed Combat
 + Level 7.1 Spellcasting
 + Level 0.7 Conjurations
 + Level 0.7 Hexes
 + Level 0.7 Summonings
 + Level 0.7 Necromancy
 + Level 0.7 Translocations
 + Level 0.7 Transmutations
 + Level 0.7 Fire Magic
 + Level 0.7 Ice Magic
 + Level 0.7 Air Magic
 + Level 0.7 Earth Magic
 + Level 0.7 Poison Magic
 + Level 1.0 Invocations
 + Level 1.0 Evocations


You had 15 spell levels left.
You knew the following spells:

 Your Spells              Type           Power      Damage    Failure   Level
a - Foxfire               Conj/Fire      28%        2x1d5     45%         1

Your spell library contained the following spells:

 Spells                   Type           Power      Damage    Failure   Level
 Conjure Flame            Conj/Fire      7%         6-21      83%         3


Dungeon Overview and Level Annotations

Branches:
Dungeon (2/15)

Altars:
Fedhas
Vehumet
Zin

Annotations:
D:2 Crazy Yiuf


Innate Abilities, Weirdness & Mutations

You have very sharp teeth.
Your uncanny sense of smell can sniff out nearby items.
Your experience applies equally to all skills.


Message History

o - a wand of flame (21)
Found a short sword.
Found an escape hatch in the ceiling.
Found a stone staircase leading up.
Found a stone staircase leading down.
You see here a +0 short sword.
Found a glowing mace.
Found a runed translucent door.
Crazy Yiuf shouts!
You open the door.
Crazy Yiuf twirls on the spot.
You shoot a bolt. The bolt barely misses Crazy Yiuf.
Crazy Yiuf zaps a wand.
The puff of flame hits you.
You shoot a bolt. The bolt completely misses Crazy Yiuf.
Crazy Yiuf twirls on the spot.
Crazy Yiuf zaps a wand.
You block the puff of flame.
You shoot a bolt. The bolt hits Crazy Yiuf.
Crazy Yiuf is lightly wounded.
Crazy Yiuf zaps a wand.
The puff of flame hits you.
Crazy Yiuf zaps a wand.
You block the puff of flame.
You shoot a bolt. The bolt hits Crazy Yiuf.
Crazy Yiuf is moderately wounded.
Crazy Yiuf barely misses you.
You shoot a bolt. The bolt hits Crazy Yiuf.
Crazy Yiuf is heavily wounded.
Crazy Yiuf completely misses you.
You shoot a bolt.
The bolt hits Crazy Yiuf but does no damage.
Crazy Yiuf is heavily wounded.
Crazy Yiuf misses you.
Crazy Yiuf hits you with a +4 quarterstaff of chaos!
Ouch! That really hurt!
* * * LOW HITPOINT WARNING * * *
You feel very mighty all of a sudden.
You are too injured to fight recklessly!
Casting: Foxfire (safe; 45% risk of failure)
Press: ? - help, Q - select action, (/) - cycle Dir - look around, f - activate You miscast Foxfire.
You are very lightly contaminated with residual magic.
Nothing appears to happen.
Crazy Yiuf zaps a wand.
The puff of flame hits you!
You die...

#.#.# ###.#.#
#.....# #.#.#.#
####### ♣♣♣♣♣### ..
### ♣♣♣.♣....## #.
#...#♣@.♣......## #>
#(..(g♣♣♣♣......# #.
#)..#♣♣ ♣♣.....# #.
### ♣♣##..# #.
#.#######.
#......##.
###########.####.##.
#.##......#.####.##.
#.##.....#...##...#.


You could see Crazy Yiuf.

Vanquished Creatures
  2 worms (D:2)
  9 ball pythons
  4 endoplasms
  5 giant cockroaches
  5 goblins
  2 hobgoblins (D:1)
  3 kobolds
  A quokka (D:2)
  4 bats
  5 rats
40 creatures vanquished.

Vanquished Creatures (others)
  4 foxfires (D:1)
  3 fungi (D:2)
  A plant (D:2)
8 creatures vanquished.

Grand Total: 48 creatures vanquished

Notes
Turn   | Place    | Note
-------+----------+-------------------------------------------
     0 | D:1      | harryhousin the Gnoll Wanderer began the quest for the Orb.
     0 | D:1      | harryhousin set off with the following items: a +0 hand
                  | crossbow, a +0 kite shield, 26 bolts, a +0 robe; and the
                  | following spell memorised: Foxfire; and the following
                  | spells available to memorise: Conjure Flame
     0 | D:1      | Reached XP level 1. HP: 17/17 MP: 8/8
    83 | D:1      | Reached XP level 2. HP: 23/23 MP: 10/10
  1046 | D:2      | Reached XP level 3. HP: 28/28 MP: 11/11
  1160 | D:2      | Reached skill level 1 in Invocations
  1252 | D:2      | Found a glowing silver altar of Zin.
  1252 | D:2      | Found a radiant altar of Vehumet.
  1276 | D:2      | Found a blossoming altar of Fedhas.
  1443 | D:2      | Reached skill level 1 in Short Blades
  1443 | D:2      | Reached skill level 1 in Long Blades
  1443 | D:2      | Reached skill level 1 in Axes
  1443 | D:2      | Reached skill level 1 in Maces & Flails
  1443 | D:2      | Reached skill level 1 in Polearms
  1443 | D:2      | Reached skill level 1 in Staves
  1443 | D:2      | Reached skill level 1 in Slings
  1443 | D:2      | Reached skill level 1 in Bows
  1443 | D:2      | Reached skill level 1 in Throwing
  1443 | D:2      | Reached skill level 1 in Armour
  1443 | D:2      | Reached skill level 1 in Dodging
  1443 | D:2      | Reached skill level 1 in Unarmed Combat
  1443 | D:2      | Reached skill level 1 in Evocations
  1595 | D:2      | Found a runed translucent door.
  1596 | D:2      | Noticed Crazy Yiuf
  1605 | D:2      | HP: 1/28 [Crazy Yiuf/+4 quarterstaff of chaos (17)]
  1607 | D:2      | Killed from afar by Crazy Yiuf

Illustrated notes

Levels and vault maps discovered:
D:1:      lemuel_arrival_behind_the_door_large, layout_basic, serial_aquarium,
          aquarium_bridge_long_separate [aquarium_subvault_bridge,
          aquarium_subvault_bridge, aquarium_subvault_wall,
          aquarium_subvault_wall, aquarium_subvault_window,
          aquarium_subvault_bridge], aquarium_window_1, aquarium_window_1,
          aquarium_window_corner, aquarium_view_2d, aquarium_view_2b,
          aquarium_pool_side, item_on_display_a
D:2:      layout_loops_ring, gammafunk_temple_overflow_elements,
          nrook_mini_backslash, fedhas_altar_3, uniq_crazy_yiuf_cottage

Skill      XL: |  1  2  3 |
---------------+----------+-----
Invocations    | 1 |  1.0
Short Blades   | 1 |  1.0
Long Blades    | 1 |  1.0
Axes           | 1 |  1.0
Maces & Flails | 1 |  1.0
Polearms       | 1 |  1.0
Staves         | 1 |  1.0
Slings         | 1 |  1.0
Bows           | 1 |  1.0
Throwing       | 1 |  1.0
Armour         | 1 |  1.0
Dodging        | 1 |  1.0
Unarmed Combat | 1 |  1.0
Evocations     | 1 |  1.0
Fighting       | |  2.6
Crossbows      | |  8.5
Stealth        | |  2.4
Shields        | |  2.6
Spellcasting   | |  7.1
Conjurations   | |  0.7
Hexes          | |  0.7
Summonings     | |  0.7
Necromancy     | |  0.7
Translocations | |  0.7
Transmutations | |  0.7
Fire Magic     | |  0.7
Ice Magic      | |  0.7
Air Magic      | |  0.7
Earth Magic    | |  0.7
Poison Magic   | |  0.7

Action                   || total
-------------------------++-------
 Fire: Hand crossbow     ||    94
 Cast: Foxfire           ||     2
Armor: Robe              ||    16
Dodge: Dodged            ||    19
Block: Kite shield       ||    13

Table legend: (Time is in decaauts)
 A = Elapsed time spent in this place.
 B = Non-inter-level travel time spent in this place.
 C = Inter-level travel time spent in this place.
 D = Time resting spent in this place.
 E = Time spent auto-exploring this place.
 F = Levels seen in this place.
 G = Mean time per level.
                   A        B        C        D        E       F      G
               +--------+--------+--------+--------+--------+-----+--------+
         Total |   1636 |   1606 |     30 |     66 |    537 |   2 |  818.0 |
       Dungeon |   1636 |   1606 |     30 |     66 |    537 |   2 |  818.0 |
               +--------+--------+--------+--------+--------+-----+--------+

Top non-repeatable levels by time:
     D:1: 1058 daAuts
     D:2: 578 daAuts
